 Dungeon Crawl Stone Soup version 0.25-a0-668-gea548f19b6 (webtiles) character file.

Game seed: 6873744624980877122, levelgen mode: deterministic

85 Hartz the Digger (level 4, -15/24 HPs)
             Began as a Gargoyle Earth Elementalist on Mar 28, 2020.
             Demolished by an orc warrior
             ... wielding a +0 morningstar
              (26 damage)
             ... on level 4 of the Dungeon.
             The game lasted 00:06:49 (2649 turns).

Hartz the Digger (Gargoyle Earth Elementalist)      Turns: 2649, Time: 00:06:49

Health: -15/24     AC:  7    Str:  9 (11) XL:     4   Next: 48%
Magic:  0/8        EV: 12    Int: 16 (17) God:
Gold:   105        SH:  0    Dex:  7 (10) Spells: 5/9 levels left

rFire    . . .     SeeInvis .   h - +1 dagger
rCold    . . .     Gourm    .   (no shield)
rNeg     + . .     Faith    .   c - +0 robe
rPois    ∞         Spirit   .   (no helmet)
rElec    +         Reflect  .   (no cloak)
rCorr    .         Harm     .   (no gloves)
MR       .....                  e - +1 pair of boots
Stlth    +++.......             (no amulet)
HPRegen  0.08/turn              i - ring of stealth
MPRegen  0.11/turn              (no ring)

@: hasted, very quick
A: negative energy resistance 1, electricity resistance, unbreathing,
petrification resistance, rot immunity, AC +3
a: no special abilities


You were on level 4 of the Dungeon.
You were not hungry.

You visited 1 branch of the dungeon, and saw 4 of its levels.

You collected 105 gold pieces.

Inventory:

Hand Weapons
 f - a +0 club
 h - a +1 dagger (weapon)
Missiles
 b - 71 stones (quivered)
Armour
 c - a +0 robe (worn)
 e - a +1 pair of boots (worn)
Jewellery
 i - a ring of stealth (left hand)
Wands
 g - a wand of enslavement (6)
Scrolls
 a - a scroll of teleportation
Potions
 m - a potion of might {unknown}
Comestibles
 d - 4 rations


   Skills:
 - Level 1.5 Dodging
 - Level 2.1 Stealth
 + Level 3.1 Spellcasting
 + Level 1.5 Conjurations
   Level 0.7 Transmutations
 + Level 4.8 Earth Magic


You had 5 spell levels left.
You knew the following spells:

 Your Spells              Type           Power        Failure   Level  Hunger
a - Sandblast             Erth           ###...       2%          1    None
b - Stone Arrow           Conj/Erth      ##....       16%         3    ###....

Your spell library contained the following spells:

 Spells                   Type           Power        Failure   Level  Hunger
 Passwall                 Tmut/Erth      ##......     9%          2    ##.....
 Petrify                  Tmut/Erth      ##......     52%         4    ####...
 Lee's Rapid Deconstruct  Erth           ###.......   56%         5    ######.


Dungeon Overview and Level Annotations

Branches:
Dungeon (3/15)

Altars:


Innate Abilities, Weirdness & Mutations

You are resistant to torment.
Your stone body is resilient. (AC +3)
You are immune to poison.
You resist negative energy. (rN+)
You are resistant to electric shocks. (rElec)
You can survive without breathing.
You are immune to petrification.
You are immune to rotting.


Message History

Casting: Sandblast (safe; 2% risk of failure)
Confirm with . or Enter, or press ? or * to list all spells.
Aiming: Sandblast (safe; 2% risk of failure)
Press: ? - help, Shift-Dir - straight line, f/p - orc warrior
Aim: an orc warrior, wielding a +0 morningstar and wearing a +0 plate armour (heavily wounded)
The blast of sand hits the orc warrior!
The orc warrior is severely wounded.
b - 71 stones The orc warrior hits you with a +0 morningstar!!
Ouch! That really hurt!
* * * LOW HITPOINT WARNING * * *
It was a potion of degeneration.
There was something very wrong with that liquid.
You feel weakened.
You feel dopey.
You feel clumsy. The orc warrior barely misses you.
It was a potion of curing.
You feel better.
It was a potion of haste.
You feel yourself speed up.
The orc warrior hits you with a +0 morningstar!!
Ouch! That really hurt!
You die...

### ########### #.#
..........# ###.#
..........# #.#.######
..........####.....##.####
................@o.......#
..........####...#.##.##.#
...)......# #.###.##.#..#
..........# #.. ..##....#
......%..... ..######.#.##
...#####.#.###.# #...#####
... #.#.# #.# ###.....#
.g. #.#.# #.# #.##### #.#


You could see an orc warrior.

Vanquished Creatures
  An iguana (D:4)
  An adder (D:2)
  An adder skeleton (D:4)
  A dart slug (D:1)
  4 giant cockroaches
  5 goblins
  6 hobgoblins
  3 jackals (D:2)
  3 kobolds
  7 bats
  4 frilled lizards
  8 rats
44 creatures vanquished.

Vanquished Creatures (others)
  An orc (D:4)
1 creature vanquished.

Grand Total: 45 creatures vanquished

Notes
Turn   | Place    | Note
-------+----------+-------------------------------------------
     0 | D:1      | Hartz the Gargoyle Earth Elementalist began the quest for
                  | the Orb.
     0 | D:1      | Reached XP level 1. HP: 10/10 MP: 3/3
   228 | D:1      | Reached XP level 2. HP: 4/15 MP: 0/5
   234 | D:1      | Reached skill level 4 in Earth Magic
   983 | D:1      | Reached XP level 3. HP: 19/19 MP: 6/6
   988 | D:1      | Learned a level 3 spell: Stone Arrow
  1486 | D:2      | Found a faded altar of an unknown god.
  2037 | D:2      | Reached skill level 1 in Conjurations
  2387 | D:3      | You fall into a shaft and drop 1 floor!
  2410 | D:4      | Reached XP level 4. HP: 24/24 MP: 6/8
  2616 | D:4      | Noticed an orc warrior
  2649 | D:4      | Demolished by an orc warrior

Levels and vault maps discovered:
D:1:      nagdon_arrival_double_spiral, layout_loops_ring, minmay_heptomino_d4
D:2:      cheibrodos_helix_gallery, layout_basic,
          chequers_ecumenical_altar_simple_redux, kennysheep_potato
D:3:      layout_loops_ring, uniq_ijyb
D:4:      layout_basic, serial_shops, kennysheep_mini, guppyfry_early_orc_mine,
          uniq_eustachio

Skill      XL: |  1  2  3  4 |
---------------+-------------+-----
Earth Magic    | 4 |  4.8
Conjurations   | 1 |  1.5
Spellcasting   | 3 |  3.1
Dodging        | |  1.5
Stealth        | |  2.1
Transmutations | |  0.7

Action                   |  1- 3 |  4- 6 || total
-------------------------+-------+-------++-------
Melee: Club              |    21 |       ||    21
       Unarmed           |     5 |       ||     5
       Dagger            |   130 |       ||   130
 Cast: Sandblast         |    23 |     8 ||    31
       Stone Arrow       |     1 |     2 ||     3
Evoke: Wand              |       |     1 ||     1
  Use: Scroll            |     8 |       ||     8
       Potion            |       |     3 ||     3
 Stab: Sleeping          |     1 |       ||     1
  Eat: Chunk             |     5 |     1 ||     6
Armor: Robe              |    84 |       ||    84
Dodge: Dodged            |   143 |     3 ||   146

Table legend:
 A = Non-vault XP
 B = Vault XP
 C = Vault XP percentage of total XP
 D = Non-vault monster count
 E = Vault monster count
 F = Vault count percentage of total count
                 A         B        C        D         E       F
            +---------+---------+-------+---------+---------+-------
      Total |     111 |      11 |   9.0 |      37 |       7 |  15.9
            +---------+---------+-------+---------+---------+-------
        D:1 |      31 |       5 |  13.9 |      17 |       3 |  15.0
        D:2 |      37 |       6 |  14.0 |      17 |       4 |  19.0
        D:3 |       2 |       0 |   0.0 |       1 |       0 |   0.0
        D:4 |      41 |       0 |   0.0 |       2 |       0 |   0.0
            +---------+---------+-------+---------+---------+-------
